 Dungeon Crawl Stone Soup version 0.20-a0-151-g755e310 (webtiles) character file.

2020 Herrn the Cleaver (level 9, 0/68 HPs)
             Began as a Formicid Monk on Nov 22, 2016.
             Was a Priest of Okawaru.
             Killed by divine providence
             ... invoked by an orc priest
              (13 damage)
             ... on level 7 of the Dungeon.
             The game lasted 00:11:15 (6714 turns).

Herrn the Cleaver (Formicid Monk)                   Turns: 6714, Time: 00:11:15

Health: 0/68       AC: 12    Str: 21      XL:     9   Next: 47%
Magic:  9/9        EV:  8    Int:  9      God:    Okawaru [***...]
Gold:   288        SH:  0    Dex: 15 (16) Spells: 8/8 levels left

rFire  . . .     SeeInvis +     E - +1 hand axe (chop)
rCold  . . .     Gourm    .     e - +0 plate armour
rNeg   + . .     Faith    .     (no shield)
rPois  +         Spirit   .     (helmet unavailable)
rElec  .         Reflect  .     i - +0 cloak
rCorr  .         Harm     .     (no gloves)
MR     .....                    A - +2 pair of boots {run}
Stlth  ..........               (no amulet)
                                C - ring of teleportation (curse)
                                y - ring of positive energy

@: quick
A: permanent stasis, dig shafts and tunnels, four strong arms, antennae 3, agile
1, deformed body, poison resistance, screaming 1, slow regeneration 1, strong 1,
evolution 1
a: Dig, Shaft Self, Heroism, Renounce Religion


You were on level 7 of the Dungeon.
You worshipped Okawaru.
Okawaru was most pleased with you.
You were very hungry.

You visited 2 branches of the dungeon, and saw 8 of its levels.

You collected 313 gold pieces.
You spent 25 gold pieces at shops.

Inventory:

Hand Weapons
 a - a +0 hand axe
 B - a +0 war axe
 E - a +1 hand axe of chopping (weapon)
Missiles
 v - 78 bolts
Armour
 b - a +0 robe
 e - a +0 plate armour (worn)
 i - a +0 cloak (worn)
 A - a +2 pair of boots of running (worn)
Jewellery
 p - an uncursed ring of magical power
 q - a +2 amulet of reflection
 y - a ring of positive energy (left hand)
 C - a cursed ring of teleportation (right hand)
Wands
 F - a wand of lightning (1/15)
 G - a wand of lightning (9/15)
 I - a wand of flame (19/48)
 M - a wand of acid (6/15)
Scrolls
 d - 3 scrolls of remove curse {unknown}
 h - 3 scrolls of magic mapping {unknown}
 k - 2 scrolls of teleportation {unknown}
 l - 6 scrolls of identify {unknown}
 m - a scroll of random uselessness {unknown}
 w - 3 scrolls of recharging {unknown}
 x - a scroll of blinking {unknown}
 z - 2 scrolls of fear {unknown}
 H - a scroll of amnesia {unknown}
 J - a scroll of noise {unknown}
 L - a scroll of enchant armour {unknown}
Potions
 g - a potion of agility {unknown}
 j - a potion of flight
 o - 2 potions of haste
 r - a potion of berserk rage
 s - a potion of heal wounds {unknown}
 u - 2 potions of brilliance {unknown}
 D - a potion of cure mutation {unknown}
 K - 2 potions of might {unknown}
 O - a potion of degeneration {unknown}
Books
 N - a book of Misfortune

   Spells                             Type                      Level
   a - Confusing Touch                Hexes                        1
   b - Confuse                        Hexes                        3
   c - Gell's Gravitas                Hexes/Translocation          3
   d - Petrify                        Transmutation/Earth          4
   e - Metabolic Englaciation         Hexes/Ice                    5
   f - Yara's Violent Unravelling     Hexes/Transmutation          5
Comestibles
 c - 6 bread rations
 n - 4 fruits
 t - 2 meat rations


   Skills:
 + Level 5.4 Fighting
 * Level 10.1 Axes
 + Level 5.5 Armour
 + Level 3.1 Dodging
 - Level 2.4 Stealth


You had 8 spell levels left.
You didn't know any spells.

Dungeon Overview and Level Annotations

Branches:
Dungeon (7/15)             Temple (1/1) D:4

Altars:
Ashenzari
Cheibriados
Dithmenos
Elyvilon
Fedhas
Gozag
Hepliaklqana
Kikubaaqudgha
Makhleb
Nemelex Xobeh
Okawaru
Qazlal
Ru
Sif Muna
Trog
Uskayaw
Vehumet
Xom
Yredelemnul
Zin
The Shining One

Shops:
D:5 !=!


Innate Abilities, Weirdness & Mutations

You cannot be hasted, slowed, berserked, paralysed or teleported.
You can dig through walls and to a lower floor.
Your four strong arms can wield two-handed weapons with a shield.
You have a pair of large antennae on your head. (SInv)
You are agile. (Dex +2)
Armour fits poorly on your strangely shaped body.
Your system is resistant to poisons. (rPois)
You occasionally shout uncontrollably at your foes.
You regenerate slowly when monsters are visible.
Your muscles are strong. (Str +2)
You evolve.


Message History

No target in view!
No target in view!
No target in view!
No target in view!
You start resting.
The orc priest mumbles some strange prayers to Beogh against you.
Beogh smites you!
* * * LOW HITPOINT WARNING * * *
You are too injured to fight recklessly!
You are too injured to fight recklessly!
You closely miss the orc priest. You hit the orc priest.
The orc priest is moderately wounded.
The orc priest invokes the aid of Beogh against you.
You resist with significant effort.
You barely miss the orc priest.
The orc priest is moderately wounded.
The orc priest invokes the aid of Beogh against you.
Beogh smites you!
You die...

#..###{#
#....#.#
#....#.########
#.......o.....#
###.#<........#
#.#.....o...#
#..........{##
##.#.#######o#
#......# #@##
#......# ###
##### #.....(#
....# #......#
###.# #.>....#
#.####..####
#.......#
########..# .#
#..#


You could see an orc priest.

Vanquished Creatures
  Sigmund (D:4)
  The ghost of Calamarain the Slasher, an amateur DrBe of Trog (D:4)
  A sky beast (D:6)
  An orc warrior (D:7)
  2 black bears (D:6)
  An ice beast (D:6)
  2 ogres (D:5)
  A centaur (D:6)
  A bullfrog (D:6)
  A water moccasin skeleton (D:5)
  2 howler monkeys
  A jelly (D:7)
  An orc wizard (D:7)
  6 hounds
  A bullfrog zombie (D:6)
  2 quasits (D:6)
  2 orc priests
  Crazy Yiuf (D:5)
  A centaur skeleton (D:5)
  A bullfrog skeleton (D:4)
  Natasha (twice) (D:4)
  5 worker ants
  6 adders
  A shadow imp (D:6)
  3 oozes
  2 adder skeletons
  A worm (D:3)
  4 dart slugs
  4 leopard geckos
  15 orcs
  8 giant cockroaches
  6 goblins
  7 hobgoblins
  16 jackals
  2 quokkas
  3 ball pythons
  10 bats
  5 frilled lizards
  2 jackal skeletons
  9 kobolds
  8 rats
149 creatures vanquished.

Notes
Turn   | Place    | Note
-------+----------+-------------------------------------------
     0 | D:1      | Herrn the Formicid Monk began the quest for the Orb.
     0 | D:1      | Reached XP level 1. HP: 18/18 MP: 1/1
   356 | D:1      | Reached XP level 2. HP: 24/24 MP: 2/2
   628 | D:1      | Reached XP level 3. HP: 29/29 MP: 3/3
  1469 | D:2      | Reached skill level 1 in Armour
  1515 | D:2      | Reached skill level 4 in Axes
  1516 | D:2      | Reached XP level 4. HP: 30/35 MP: 4/4
  2368 | D:3      | Reached XP level 5. HP: 31/42 MP: 5/5
  2502 | D:3      | Identified a +2 pair of boots of running (You found it on level 3 of the Dungeon)
  2689 | D:3      | Found a hide-covered altar of Uskayaw.
  2847 | D:3      | Found a faded altar of an unknown god.
  3222 | D:4      | Reached skill level 5 in Axes
  3295 | D:4      | Noticed Calamarain's ghost (amateur DrBe)
  3330 | D:3      | Reached XP level 6. HP: 43/48 MP: 6/6
  3469 | D:4      | Killed Calamarain's ghost
  3469 | D:4      | Reached skill level 6 in Axes
  3798 | D:4      | Reached XP level 7. HP: 47/54 MP: 7/7
  3850 | D:4      | Found a shimmering altar of Xom.
  3930 | D:4      | Noticed Natasha
  3945 | D:4      | Killed Natasha
  4378 | D:4      | Noticed Sigmund
  4393 | D:4      | Killed Sigmund
  4393 | D:4      | Reached skill level 7 in Axes
  4393 | D:4      | Reached XP level 8. HP: 51/60 MP: 8/8
  4513 | D:4      | Noticed Natasha
  4519 | D:4      | Killed Natasha
  4536 | D:4      | Found a staircase to the Ecumenical Temple.
  4542 | Temple   | Entered the Ecumenical Temple
  4615 | Temple   | Became a worshipper of Warmaster Okawaru
  4615 | Temple   | Reached * piety under Okawaru
  4615 | Temple   | Reached ** piety under Okawaru
  4720 | D:5      | Entered Level 5 of the Dungeon
  4745 | D:5      | Found a radiant altar of Vehumet.
  4914 | D:5      | Found Buwnyiwk's Distillery.
  5040 | D:5      | Reached skill level 8 in Axes
  5060 | D:5      | Found Virgh's Jewellery Shop.
  5292 | D:5      | Found Deiphiut's Distillery.
  5306 | D:5      | Bought a potion of mutation for 25 gold pieces
  5306 | D:5      | Gained mutation: Your muscles are strong. (Str +2) [potion of mutation]
  5306 | D:5      | Gained mutation: You regenerate slowly when monsters are visible. [potion of mutation]
  5306 | D:5      | Gained mutation: Your spells are a little harder to cast, but a little more powerful. [potion of mutation]
  5307 | D:5      | Lost mutation: Your spells are a little harder to cast, but a little more powerful. [potion of mutation]
  5307 | D:5      | Gained mutation: Your system is resistant to poisons. (rPois) [potion of mutation]
  5307 | D:5      | Gained mutation: You are agile. (Dex +2) [potion of mutation]
  5308 | D:5      | Gained mutation: You evolve. [potion of mutation]
  5308 | D:5      | Gained mutation: You occasionally shout uncontrollably at your foes. [potion of mutation]
  5308 | D:5      | Gained mutation: Armour fits poorly on your strangely shaped body. [potion of mutation]
  5324 | D:5      | Found a runed door.
  5504 | D:5      | Noticed Crazy Yiuf
  5507 | D:5      | Killed Crazy Yiuf
  5860 | D:6      | Reached skill level 9 in Axes
  5863 | D:6      | Reached XP level 9. HP: 51/66 MP: 9/9
  5995 | D:6      | Reached skill level 5 in Fighting
  5995 | D:6      | Reached skill level 5 in Armour
  6031 | D:6      | Reached *** piety under Okawaru
  6300 | D:6      | Found a bloodstained altar of Trog.
  6512 | D:7      | Found a shattered altar of Ashenzari.
  6513 | D:7      | Found a blossoming altar of Fedhas.
  6520 | D:7      | Reached skill level 10 in Axes
  6611 | D:7      | Found a glowing silver altar of Zin.
  6714 | D:7      | Killed from afar by an orc priest

Vault maps used:
D:1:      dpeg_arrival_signposts
D:2:      minmay_misc_feat_pillars
D:3:      old_standard_altar, first_bread, chequers_ecumenical_altar_simple,
          minmay_misc_feat_alley
D:4:      nicolae_overflow_hidden_temple, uniq_natasha, uniq_sigmund
D:5:      serial_shops, shop, nicolae_shop_crystal, shop,
          minmay_misc_feat_more_columns, hangedman_abyss_or_decor_passed,
          minmay_misc_feat_x, vehumet_altar_wand_db, uniq_crazy_yiuf_cottage
D:6:      bloody_trog, grunt_ministairs_15
D:7:      grunt_temple_overflow_open
Temple:   regret_index_temple_waves

Skill      XL: |  1  2  3  4  5  6  7  8  9 |
---------------+----------------------------+-----
Armour         | 1 2 3 4 5 |  5.5
Axes           | 4 5 6 7 9 10 | 10.1
Dodging        | 3 |  3.1
Fighting       | 4 5 |  5.4
Stealth        | |  2.4

Action                   |  1- 3 |  4- 6 |  7- 9 || total
-------------------------+-------+-------+-------++-------
Melee: Hand axe          |   118 |   225 |   335 ||   678
       War axe           |       |    13 |       ||    13
 Abil: Dig               |     1 |     1 |     7 ||     9
Evoke: Wand              |       |       |     2 ||     2
  Use: Potion            |       |     2 |    10 ||    12
  Eat: Chunk             |     1 |     8 |    10 ||    19
Armor: Robe              |     7 |       |       ||     7
       Plate armour      |    97 |   173 |   196 ||   466
Dodge: Dodged            |    48 |    73 |    99 ||   220
Block: Other             |       |    16 |     9 ||    25
       Reflection        |       |     3 |       ||     3
